Turdnose, chaotic female human Barbarian ----------- ----------- ######################################`#|.>.......| |.....<...| #--- ------------------ -------- ##...^......| |.........| #|. |..|..-....-..|..| |..-...| # -.--------- |.........-########|.| |..|. |....| .|.. |..|...| ### # |.........| #|.----|-----....----|--+-----...|# # # |.........| ###|...............................|### ### -.----.---- # |.-|-----.--.......---I--|---...|# # # # ### |.|..| |*.|......{|....|.. |...|### ### ### # # |.|..| |..|.......|....|...|...|# # # # # ### |.----+-----.......|.._.|...|...|# #)# ## `### # |.....%.......{....|....|...|...|# # ## # |.-------+-------.----------|...|# ### ##### # |.| |.+ |(((.-...|# # --.-|--# |. .| |(((.|.(.|# ### |.^...|# |.| |.| |(( |.).|# # |....)|# |.---------------.-----------....# ### |.....-# |.............................(.| ------- --------------------------------- Turdnose the Bandit Experience level: 6 Strength: 17 Dexterity: 18 Constitution: 18 Intelligence: 7 Wisdom: 12 Charisma: 6 Health: 0(70) Energy: 23(23) Def: 3 Gold: 242 Moves: 4230 Dungeon seed: p8uKJYPBE8UqV0DR Game ID: Turdnose_1457457590 Your Inventory: Coins $ - 242 gold pieces Weapons a - a blessed +0 two-handed sword (weapon in hands) b - a +0 axe (alternate weapon; not wielded) j - 2 +0 arrows m - a +1 arrow n - 6 cursed -2 crossbow bolts o - a +2 dart r - 2 +0 darts G - a +0 dwarvish short sword Armor e - an uncursed +0 ring mail (being worn) Y - an uncursed +0 dwarvish cloak Scrolls d - an uncursed scroll of remove curse E - 2 cursed scrolls of enchant armor L - 4 uncursed scrolls of blank paper O - an uncursed scroll of create monster Q - 2 cursed scrolls of identify T - a cursed scroll of fire Spellbooks c - a cursed spellbook of turn undead Z - an uncursed spellbook of haste self Potions g - 2 uncursed potions of gain energy S - a cursed potion of paralysis W - a cursed potion of restore ability Rings x - an uncursed ring of sustain ability R - a cursed ring of fire resistance Wands l - a wand of digging (0:4) A - a wand of make invisible (0:6) N - a wand of striking (0:6) U - a cursed wand of striking (0:8) V - a cursed wand of secret door detection (0:14) Tools h - an uncursed skeleton key k - a cursed tin whistle t - 7 uncursed tallow candles (0:200) K - a +0 pick-axe Gems q - 2 uncursed worthless pieces of violet glass y - an uncursed worthless piece of orange glass z - an uncursed chrysoberyl stone Spells and supernatural/magical abilities: Name Level Category Fail Memory W - pray for help -- divine ? -- Your skills at the end: Fighting Skills bare handed combat [Basic] Weapon Skills axe [Basic] two-handed sword [Basic] Spellcasting Skills Final Attributes: You were piously aligned. You were poison resistant. You are dead. Vanquished creatures: a ghost an iron piercer a gnome king 2 lizards a gnome mummy a rope golem 3 gnome lords 3 gnomish wizards a guardian naga hatchling an elf zombie 2 paper golems 2 little dogs a kitten 6 dwarves 2 rothes 2 orc zombies a wererat 3 iguanas 2 acid blobs a coyote 3 hobbits a cave spider a brown mold a red mold 28 gnomes a garter snake 2 geckos 7 jackals a kobold 3 goblins 3 sewer rats 4 grid bugs 7 bats 2 lichens a kobold zombie 8 newts 110 creatures vanquished. Voluntary challenges: You followed a strict vegan diet. You used a wielded weapon 100 times, starting on turn 44. You were illiterate. You never genocided any monsters. You never polymorphed an object. You never changed form. You used no wishes. You never split a pudding. You never wrote Elbereth's name. You violated your moral code, losing 1 point of alignment, starting on turn 4212. Dungeon overview: The Dungeons of Doom: levels 1 to 2 Level 1 an altar to Crom a long staircase Level 2 stairs to The Gnomish Mines The Gnomish Mines: levels 3 to 6 Level 3 stairs to The Dungeons of Doom Level 4 Level 5 Level 6 <- You were here a hardware shop, a temple to Crom, some fountains History has recorded: On T:1 you entered the Dungeons of Doom to retrieve the Amulet of Yendor! On T:365 you reached level 2 of The Dungeons of Doom. On T:912 you advanced to experience level 2. On T:993 you reached level 1 of The Gnomish Mines. On T:1045 you advanced to experience level 3. On T:1219 you advanced to experience level 4. On T:1786 you reached level 2 of The Gnomish Mines. On T:1822 you advanced to experience level 5. On T:2651 you reached level 3 of The Gnomish Mines. On T:2971 you advanced to experience level 6. On T:3273 you reached level 4 of The Gnomish Mines. Score breakdown: Gold: 242 ( 8115 points) Experience: 6 levels (12456 points) Exploration: 6 levels ( 12.24%) ( 9682 points) Discoveries: 3 items ( 1.22%) ( 3312 points) Valuables value: (no points given unless you survive) Artifact value: 0 ( 0 points) Variety of kills: 36 monsters ( 9.45%) ( 9221 points) Turncount: 4230 turns (-1107 points) Survival: died (score multiplied by 80%) Total score: 33343 Latest messages: You faint from lack of food. It hits! (7x) You die... Final status: Goodbye Turdnose the Barbarian, killed by a rope golem, while fainted from lack of food... You died in The Gnomish Mines on dungeon level 6 with 33343 points, and 242 pieces of gold, after 4230 moves. You were level 6 with a maximum of 70 hit points when you died.